 Dungeon Crawl Stone Soup version 0.29.1-15-g9cfb28693d (webtiles) character file.

Game seed: 5151221170546905079

169813 duchin the Marksmerfolk (level 17, -27/140 HPs)
             Began as a Merfolk Ice Elementalist on Apr 22, 2023.
             Was the Champion of Okawaru.
             Annihilated by a +1 executioner's axe of pain (42 damage)
             ... on level 2 of the Elven Halls.
             The game lasted 01:58:35 (35008 turns).

duchin the Marksmerfolk (Merfolk Ice Elementalist) Turns: 35008, Time: 01:58:36

Health: -27/140    AC: 18    Str:  8    XL:     17   Next: 98%
Magic:  20/24      EV: 16    Int: 24    God:    Okawaru [******]
Gold:   1483       SH: 30    Dex: 16    Spells: 3/26 levels left

rFire   + . .      SeeInvis +   b - +6 demon blade "Tassiyf" {vamp, rF+ Will+ Stlth+}
rCold   + . .      Faith    .   w - +7 tower shield of Kupa Kaj {Int+5}
rNeg    + . .      Spirit   .   D - +2 robe {Will+}
rPois   +          Reflect  +   G - +2 helmet of the Blind Marksman {rElec rPois}
rElec   +          Harm     +   s - +0 cloak "Lapsicof" {Harm rC+ Int-2 Slay+3}
rCorr   .          Rampage  .   Q - +2 pair of gloves
Will    +++..                   H - +2 pair of boots
Stlth   +++.......              m - amulet of reflection
HPRegen 0.33/turn               N - +4 ring of protection
MPRegen 0.19/turn               i - ring "Vedd" {rN+ SInv}

@: about to teleport, freezing walls, studying Invocations
A: (nimble swimmer 2), mertail
a: Renounce Religion, Heroism, Finesse, Duel


You were on level 2 of the Elven Halls.
You worshipped Okawaru.
Okawaru was exalted by your worship.
You visited 4 branches of the dungeon, and saw 24 of its levels.
You also visited: Gauntlet.

You collected 3083 gold pieces.
You spent 1600 gold pieces at shops.

Inventory:

Hand Weapons
 a - a +5 sling of freezing
 b - the +6 demon blade "Tassiyf" (weapon) {vamp, rF+ Will+ Stlth+}
   (Okawaru gifted it to you on level 11 of the Dungeon)

   It occasionally heals its wielder for a portion of the damage dealt when it
   wounds a living foe.
   rF:        It protects you from fire.
   Will:      It increases your willpower.
   Stlth:     It makes you more stealthy.
 c - the +1 demon blade "Qepn" {flame, rC+ Stlth+}
   (You acquired it on level 10 of the Dungeon)

   It burns those it strikes, dealing additional fire damage.
   Big, fiery blades are also staple armaments of hydra-hunters.
   rC:        It protects you from cold.
   Stlth:     It makes you more stealthy.
 r - a +1 scimitar of freezing
 B - the +1 scimitar "Ryrph" {venom, rN+ Will+}
   (Okawaru gifted it to you on level 2 of the Orcish Mines)

   It poisons the flesh of those it strikes.
   rN:        It protects you from negative energy.
   Will:      It increases your willpower.
 F - the +3 hand crossbow "Ogreslayer" {flame, rC+}
   (Okawaru gifted it to you on level 2 of the Elven Halls)

   Any ammunition fired from it burns those it strikes, dealing additional fire
   damage.
   rC:        It protects you from cold.
Missiles
 h - 5 throwing nets
 L - 3 silver javelins
Armour
 s - the +0 cloak "Lapsicof" (worn) {Harm rC+ Int-2 Slay+3}
   (You found it in a Gauntlet)

   Int:       It affects your intelligence (-2).
   Slay:      It affects your accuracy & damage with ranged weapons and melee
   (+3).
   rC:        It protects you from cold.
   Harm:      It increases damage dealt and taken.
 w - the +7 tower shield of Kupa Kaj (worn) {Int+5}
   (Okawaru gifted it to you on level 5 of the Lair of Beasts)

   Int:       It affects your intelligence (+5).
 D - a +2 robe of willpower (worn)
 G - the +2 helmet of the Blind Marksman (worn) {rElec rPois}
   (You bought it in a shop on level 8 of the Dungeon)

   rElec:     It insulates you from electricity.
   rPois:     It protects you from poison.
 H - a +2 pair of boots (worn)
 Q - a +2 pair of gloves (worn)
 W - a scarf of resistance
Jewellery
 i - the ring "Vedd" (right hand) {rN+ SInv}
   (You found it in a Gauntlet)

   [ring of positive energy]

   rN:        It protects you from negative energy.
   SInv:      It lets you see invisible.
 m - an amulet of reflection (around neck)
 v - a ring of protection from fire
 y - a ring of fire
 N - a +4 ring of protection (left hand)
Wands
 d - a wand of mindburst (24)
 f - a wand of polymorph (15)
 n - a wand of flame (40)
 z - a wand of paralysis (16)
 C - a wand of digging (3)
 E - a wand of light (6)
 R - a wand of iceblast (24)
Scrolls
 j - a scroll of poison
 l - a scroll of silence
 p - 7 scrolls of teleportation
 J - 2 scrolls of enchant armour
 K - 3 scrolls of brand weapon
 O - 6 scrolls of magic mapping
 U - 7 scrolls of identify
 Y - a scroll of amnesia
Potions
 e - 2 potions of might
 g - a potion of invisibility
 k - 6 potions of magic
 o - 2 potions of curing
 q - 3 potions of resistance
 t - 6 potions of mutation
 x - 5 potions of lignification
 A - 3 potions of flight
 I - 3 potions of cancellation
 M - 4 potions of brilliance
 S - a potion of haste
Miscellaneous
 u - a lightning rod (4/4)
 P - a tin of tremorstones (inert)
 T - a condenser vane


   Skills:
 - Level 14.6 Fighting
 - Level 14.0 Long Blades
 + Level 15.5 Ranged Weapons
 - Level 12.0 Dodging
 - Level 2.1 Stealth
 - Level 12.0 Shields
 - Level 5.0 Spellcasting
 - Level 13.0 Ice Magic
 - Level 7.0 Invocations


You had 3 spell levels left.
You knew the following spells:

 Your Spells              Type           Power      Damage    Failure   Level
a - Freeze                Ice            100%       1d11      1%          1
b - Frozen Ramparts       Ice            100%       1d16      1%          3
c - Ozocubu's Armour      Ice            62%        N/A       1%          3
d - Ozocubu's Refrigerat  Ice            31%        4d14      87%         7
e - Iskenderun's Mystic   Conj/Tloc      6%         2d4       99%         4
f - Lee's Rapid Deconstr  Erth           3%         3d6*      100%        5

Your spell library contained the following spells:

 Spells                   Type           Power      Damage    Failure   Level
 Apportation              Tloc           12%        N/A       41%         1
 Beastly Appendage        Tmut           12%        N/A       41%         1
 Magic Dart               Conj           24%        1d4       41%         1
 Sandblast                Erth           12%        2d6       41%         1
 Shock                    Conj/Air       24%        1d4       41%         1
 Passwall                 Tmut/Erth      5%         N/A       54%         2
 Static Discharge         Conj/Air       6%         3-4/arc   54%         2
 Sublimation of Blood     Necr           6%         N/A       54%         2
 Wereblood                Tmut           6%         N/A       54%         2
 Confusing Touch          Hex            6%         N/A       78%         3
 Gell's Gravitas          Tloc           6%         N/A       78%         3
 Mephitic Cloud           Conj/Pois/Air  6%         N/A       78%         3
 Spider Form              Tmut/Pois      6%         N/A       78%         3
 Stone Arrow              Conj/Erth      12%        3d7       78%         3
 Swiftness                Air            6%         N/A       78%         3
 Teleport Other           Tloc           6%         N/A       78%         3
 Hailstorm                Conj/Ice       37%        3d9       30%         4
 Airstrike                Air            3%         2d(1-17)  99%         4
 Dispel Undead            Necr           6%         3d8       99%         4
 Fulminant Prism          Conj/Hex       3%         3d6       99%         4
 Petrify                  Tmut/Erth      6%         N/A       99%         4
 Sticky Flame             Conj/Fire      6%         2d3       99%         4
 Agony                    Necr           6%         N/A       100%        5
 Alistair's Intoxication  Tmut/Pois      4%         N/A       100%        5
 Irradiate                Conj/Tmut      3%         3d12      100%        5
 Lightning Bolt           Conj/Air       3%         1d14      100%        5
 Yara's Violent Unravell  Hex/Tmut       3%         3d4       100%        5
 Dispersal                Tloc           3%         N/A       100%        6
 Enfeeble                 Hex            3%         N/A       100%        7
 Call Imp                 Summ           Unusable   N/A       N/A         2
 Animate Dead             Necr           Unusable   N/A       N/A         4
 Summon Lightning Spire   Summ/Air       Unusable   N/A       N/A         4
 Simulacrum               Ice/Necr       Unusable   N/A       N/A         6

Dungeon Overview and Level Annotations

Branches:
Dungeon (15/15)            Temple (0/1) D:7            Lair (5/5) D:10
  Swamp (0/4) Lair:3       Spider (0/4) Lair:2        Slime (0/5) Lair:5
    Orc (2/2) D:12            Elf (2/3) Orc:2        Vaults (0/5) D:13
 Depths (0/4) D:15        Gauntlet (visited)

Altars:
Cheibriados
Nemelex Xobeh
Okawaru
Qazlal
Ru
Sif Muna
Uskayaw
Vehumet
Xom
Zin
The Shining One
Jiyva

Shops:
D:5 :   D:8 ([   D:9 (   Orc:2 =:[(   Elf:2 [

Annotations:
D:7 2 transporters
D:9 3 runed translucent doors, hitsuchi's ghost, journeyman KoEn
Lair:2 2 transporters, vvl's ghost, journeyman FoEE
Lair:4 3 runed translucent doors, Bayhych's ghost, journeyman BaFi


Innate Abilities, Weirdness & Mutations

((You are very nimble when in or above water. (Stealth+, EV+, Speed+++)))
Your lower body shifts to a powerful aquatic tail in water.


Message History

The wall freezes the +3 dire flail of holy wrath but does no damage.
You block the +3 dire flail of holy wrath's attack.
The +0 vorpal long sword resists.
The wall freezes the +0 vorpal long sword.
The wall freezes the +1 executioner's axe of pain but does no damage.
As you read the scroll of fear, it crumbles to dust.
You assume a fearsome visage.
The deep elf zephyrmancer looks frightened!
The +3 dire flail of holy wrath is unaffected.
The +1 executioner's axe of pain is unaffected.
The +1 battleaxe of freezing is unaffected.
The deep elf zephyrmancer looks frightened!
The +0 vorpal long sword is unaffected.
Your icy armour evaporates.
The wall freezes the +3 dire flail of holy wrath but does no damage.
You block the +3 dire flail of holy wrath's attack.
The wall freezes the +0 vorpal long sword but does no damage.
The wall freezes the +1 battleaxe of freezing but does no damage.
You block the +1 battleaxe of freezing's attack.
The wall freezes the +1 executioner's axe of pain but does no damage.
The deep elf zephyrmancer mumbles some strange words.
The deep elf zephyrmancer blinks!
The deep elf zephyrmancer mumbles some strange words.
The deep elf zephyrmancer blinks!
The +0 vorpal long sword completely resists.
The wall freezes the +0 vorpal long sword but does no damage.
The wall freezes the +3 dire flail of holy wrath but does no damage.
The +3 dire flail of holy wrath hits you but does no damage.
As you read the scroll of teleportation, it crumbles to dust.
You feel strangely unstable.
The +1 battleaxe of freezing resists.
The wall freezes the +1 battleaxe of freezing.
You block the +1 battleaxe of freezing's attack.
The wall freezes the +3 dire flail of holy wrath but does no damage.
The +3 dire flail of holy wrath hits you!!
* * * LOW HITPOINT WARNING * * *
The +0 vorpal long sword completely resists.
The wall freezes the +0 vorpal long sword but does no damage.
The wall freezes the +1 executioner's axe of pain but does no damage.
The +1 executioner's axe of pain hits you!!
You die...

..e§... ## .......
#.# ....§.. #..#
....... #...#)......
#...#(....# #.((#...#
#@(°# #...# ##...###.
##)).#...#
##...#.....#
#..)#.......# #.
#..#.........#... #..
#.#...........#..#...
##.............##....


You could see a deep elf zephyrmancer (fleeing) and 4 dancing weapons.

Vanquished Creatures
  Nikola (Elf:2)
  Gastronok (D:11)
  Donald (Orc:2)
  2 orc warlords
  A deep elf demonologist (Elf:2)
  A minotaur (Gauntlet)
  A deep elf annihilator (Elf:2)
  Azrael (Orc:2)
  3 dire elephants
  3 ettins
  Josephine (D:12)
  2 fire dragons
  A deep elf death mage (Elf:1)
  Harold (D:9)
  5 centaur warriors
  12 hydras
  4 vault guards (D:13)
  2 ogre magi
  9 two-headed ogres
  Erica (D:9)
  8 boulder beetles
  A catoblepas (D:13)
  20 dancing weapons
  4 death yaks
  2 alligators (Lair:3)
  5 tengu warriors
  4 orc high priests
  8 deep elf knights
  3 goliath frogs (Lair:3)
  Lodul (D:11)
  2 lindwurms
  14 deep elf archers
  A swamp dragon (Lair:3)
  A deep troll (D:15)
  4 wizards
  9 deep elf zephyrmancers
  24 deep elf pyromancers
  3 necromancers
  20 ugly things
  6 orc knights
  A will-o-the-wisp (Lair:3)
  9 orc sorcerers
  4 manticores
  An oklob plant (Lair:4)
  11 cyclopes
  A guardian serpent (shapeshifter) (D:13)
  3 molten gargoyles (Lair:5)
  6 elephants
  5 black mambas
  8 cane toads
  Maggie (Lair:1)
  A gargoyle (D:11)
  3 large abominations (Elf:1)
  A kobold demonologist (D:13)
  2 torpor snails (Lair:3)
  10 komodo dragons
  4 rime drakes
  2 efreet (D:13)
  2 tengu conjurers (D:15)
  A hornet (D:10)
  4 polar bears
  17 trolls
  A troll (shapeshifter) (D:13)
  A meliai (Lair:2)
  A raiju (Gauntlet)
  A tyrant leech (Lair:3)
  Grinder (D:5)
  11 blink frogs
  3 slime creatures
  4 air elementals
  3 water elementals
  8 wyverns
  2 vampires
  10 wraiths
  70 yaks
  8 basilisks
  8 fire elementals
  5 steam dragons
  7 wargs
  A swamp worm (Lair:3)
  An acid dragon (D:11)
  19 water moccasins
  A floating eye (Gauntlet)
  8 hell hounds
  51 orc warriors
  3 swamp drakes (Lair:3)
  5 black bears
  16 wolves
  32 ogres
  A boggart (D:13)
  8 centaurs
  2 phantoms
  Blork the orc (D:4)
  3 elf zombies (Elf:1)
  10 bullfrogs
  An earth elemental (Elf:1)
  A gnoll sergeant (D:8)
  A necrophage (D:6)
  7 scorpions
  5 wights
  15 killer bees
  5 electric eels
  3 howler monkeys (D:12)
  5 lava snakes (Lair:5)
  4 hounds
  22 orc priests
  2 jellies
  2 gnoll boudas
  4 iguanas
  31 orc wizards
  26 gnolls
  11 adders
  4 shadow imps
  2 white imps
  4 ufetubi
  2 worms
  3 dart slugs
  111 orcs
  6 endoplasms
  4 giant cockroaches
  3 goblins
  10 hobgoblins
  5 quokkas
  8 ball pythons
  9 bats
  5 frilled lizards
  13 kobolds
  4 rats
934 creatures vanquished.

Vanquished Creatures (others)
  A deep elf knight (Elf:1)
  A deep elf zephyrmancer (Elf:2)
  An orc wizard (Orc:1)
  4 foxfires (Lair:3)
  23 fungi
  42 plants
72 creatures vanquished.

Grand Total: 1006 creatures vanquished

Notes
Turn   | Place    | Note
-------+----------+-------------------------------------------
     0 | D:1      | duchin the Merfolk Ice Elementalist began the quest for the
                  | Orb.
     0 | D:1      | Reached XP level 1. HP: 13/13 MP: 3/3
   365 | D:1      | Reached XP level 2. HP: 19/19 MP: 3/5
  1353 | D:2      | Reached skill level 5 in Ice Magic
  1353 | D:2      | Reached XP level 3. HP: 19/24 MP: 2/7
  1357 | D:2      | Learned a level 3 spell: Frozen Ramparts
  1361 | D:2      | Learned a level 3 spell: Ozocubu's Armour
  1432 | D:2      | Found a faded altar of an unknown god.
  1800 | D:2      | Found an iron altar of Okawaru.
  1821 | D:2      | Reached XP level 4. HP: 30/30 MP: 4/8
  1834 | D:2      | Became a worshipper of Warmaster Okawaru
  2852 | D:3      | Found a sacrificial altar of Ru.
  2904 | D:3      | Reached XP level 5. HP: 35/35 MP: 6/10
  3437 | D:4      | Reached XP level 6. HP: 28/41 MP: 4/12
  3786 | D:4      | Found a glowing silver altar of Zin.
  3925 | D:4      | Noticed a black bear
  3932 | D:4      | Killed a black bear
  4068 | D:4      | Reached XP level 7. HP: 46/46 MP: 10/14
  4106 | D:4      | Reached skill level 5 in Spellcasting
  4152 | D:4      | Reached * piety under Okawaru
  4302 | D:4      | Found a sparkling altar of Nemelex Xobeh.
  4310 | D:4      | Noticed Blork the orc
  4318 | D:4      | Killed Blork the orc
  4384 | D:4      | Found a stormy altar of Qazlal.
  4447 | D:4      | Found a shimmering blue altar of Sif Muna.
  4816 | D:5      | Entered Level 5 of the Dungeon
  4900 | D:5      | Reached XP level 8. HP: 52/52 MP: 8/15
  5226 | D:5      | Found a radiant altar of Vehumet.
  5350 | D:5      | Reached skill level 10 in Ice Magic
  5493 | D:5      | Reached ** piety under Okawaru
  5735 | D:5      | Noticed Grinder
  5749 | D:5      | Killed Grinder
  5940 | D:5      | Found Jureisib's Book Boutique.
  6180 | D:6      | Reached XP level 9. HP: 57/57 MP: 13/16
  6254 | D:6      | Found a snail-covered altar of Cheibriados.
  6254 | D:6      | Found a glowing golden altar of the Shining One.
  6386 | D:6      | Found a shimmering altar of Xom.
  6472 | D:6      | Reached *** piety under Okawaru
  6473 | D:6      | Reached skill level 1 in Fighting
  6600 | D:5      | Bought Ozocubu's Autobiography for 312 gold pieces
  6608 | D:5      | Learned a level 7 spell: Ozocubu's Refrigeration
  7000 | D:7      | Noticed a troll
  7259 | D:6      | Killed a troll
  7570 | D:7      | Found a transporter.
  7662 | D:7      | Noticed a white ugly thing
  7663 | D:7      | Noticed a boulder beetle
  7701 | D:7      | Noticed a white ugly thing
  7910 | D:7      | Found a transporter.
  7947 | D:7      | Reached skill level 5 in Fighting
  8008 | D:7      | Found a staircase to the Ecumenical Temple.
  8520 | D:8      | Found Awkaerph's Weapon Boutique.
  8553 | D:8      | Reached **** piety under Okawaru
  9070 | D:8      | Found Bucaotrud's Armour Boutique.
  9521 | D:9      | Noticed a troll
  9529 | D:9      | Killed a troll
  9530 | D:9      | Reached XP level 10. HP: 80/82 MP: 10/17
  9848 | D:9      | Found Ochoteaw's Antique Weapon Boutique.
  9868 | D:9      | Noticed Erica
  9875 | D:9      | Reached skill level 10 in Fighting
  9884 | D:9      | Killed Erica
  9884 | D:9      | Received a gift from Okawaru
  9886 | D:9      | Reached ***** piety under Okawaru
 10044 | D:9      | Noticed a two-headed ogre
 10056 | D:9      | Killed a two-headed ogre
 10175 | D:9      | Found a runed translucent gate.
 10175 | D:9      | Found a runed translucent gate.
 10175 | D:9      | Found a runed translucent gate.
 10176 | D:9      | Noticed hitsuchi's ghost (journeyman KoEn)
 10180 | D:9      | Noticed a kobold demonologist
 10181 | D:9      | Noticed a kobold demonologist
 10518 | D:10     | Entered Level 10 of the Dungeon
 10579 | D:10     | Reached skill level 1 in Long Blades
 10590 | D:9      | Reached skill level 1 in Invocations
 10697 | D:10     | Noticed a +0 spear
 10697 | D:10     | Noticed a +0 dagger
 10697 | D:10     | Noticed a +0 spear
 10698 | D:10     | Noticed a +0 falchion
 10698 | D:10     | Noticed a +0 short sword
 10699 | D:10     | Noticed a +0 dagger
 10699 | D:10     | Noticed a +0 short sword
 10702 | D:10     | Found a hide-covered altar of Uskayaw.
 10704 | D:10     | Noticed a +0 falchion
 10836 | D:9      | Reached XP level 11. HP: 60/95 MP: 11/18
 11104 | D:9      | Reached skill level 5 in Long Blades
 11335 | D:10     | Found a staircase to the Lair.
 11707 | D:10     | Noticed Harold
 11751 | D:9      | Killed Harold
 12031 | D:10     | Identified a scroll of acquirement
 12031 | D:10     | Acquired the +1 demon blade "Qepn" {flame, rC+ Stlth+}
 12084 | D:11     | Noticed Lodul
 12169 | D:11     | Killed Lodul
 12170 | D:11     | Reached skill level 5 in Invocations
 12537 | D:11     | Noticed a cyclops
 12545 | D:11     | Killed a cyclops
 12937 | D:11     | Identified the +6 demon blade "Tassiyf" {vamp, rF+ Will+
                  | Stlth+} (Okawaru gifted it to you on level 11 of the
                  | Dungeon)
 12937 | D:11     | Received a gift from Okawaru
 13160 | D:11     | Reached skill level 10 in Long Blades
 13586 | D:8      | Bought the +2 helmet of the Blind Marksman {rElec rPois}
                  | for 490 gold pieces
 13586 | D:8      | Bought a +0 pair of boots for 67 gold pieces
 13765 | D:11     | Noticed Gastronok
 13786 | D:11     | Killed Gastronok
 13787 | D:11     | Reached XP level 12. HP: 70/102 MP: 17/19
 14486 | D:12     | Noticed Josephine
 14498 | D:12     | Killed Josephine
 14822 | D:12     | Noticed a two-headed ogre
 14829 | D:12     | Killed a two-headed ogre
 14829 | D:12     | Reached ****** piety under Okawaru
 15244 | D:12     | Noticed a two-headed ogre
 15250 | D:12     | Killed a two-headed ogre
 15250 | D:12     | Identified the +3 plate armour of Dramatic Exits {Fly rC-
                  | Str+7} (Okawaru gifted it to you on level 12 of the
                  | Dungeon)
 15250 | D:12     | Received a gift from Okawaru
 15421 | D:12     | Found a staircase to the Orcish Mines.
 15522 | Lair:1   | Entered Level 1 of the Lair of Beasts
 15604 | Lair:1   | Found a gate leading to a gauntlet.
 15624 | Gauntlet | Entered a Gauntlet
 15624 | Gauntlet | Found a transporter.
 15631 | Gauntlet | Found a transporter.
 15635 | Gauntlet | Found a transporter.
 15643 | Gauntlet | Found a transporter.
 15647 | Gauntlet | Found a transporter.
 15655 | Gauntlet | Found a transporter.
 15659 | Gauntlet | Found a transporter.
 15662 | Gauntlet | Noticed a dire elephant
 15667 | Gauntlet | Found a transporter.
 15671 | Gauntlet | Found a transporter.
 15676 | Gauntlet | Noticed a dire elephant
 15679 | Gauntlet | Found a transporter.
 15710 | Gauntlet | Found a transporter.
 15722 | Gauntlet | Found a transporter.
 15735 | Gauntlet | Found a transporter.
 15748 | Gauntlet | Found a transporter.
 15961 | Gauntlet | Identified the ring "Vedd" {rN+ SInv}
 15968 | Gauntlet | Killed a dire elephant
 16131 | Gauntlet | Killed a dire elephant
 16132 | Gauntlet | Reached skill level 5 in Dodging
 16136 | Gauntlet | Identified the +0 cloak "Lapsicof" {Harm rC+ Int-2 Slay+3}
 16249 | Gauntlet | Identified the +6 war axe of Waddisyn {pain, rElec Will-
                  | Int+6}
 16249 | Gauntlet | Noticed a minotaur
 16258 | Gauntlet | Killed a minotaur
 16377 | Lair:1   | Reached XP level 13. HP: 108/108 MP: 13/20
 16986 | Lair:1   | Noticed Maggie
 16995 | Lair:1   | Killed Maggie
 17246 | Lair:2   | Noticed vvl's ghost (journeyman FoEE)
 17246 | Lair:2   | Found a transporter.
 17785 | Lair:2   | Found a hole to the Spider Nest.
 17883 | Lair:2   | Found a transporter.
 18007 | Lair:2   | Reached skill level 10 in Dodging
 18309 | Lair:2   | Received a gift from Okawaru
 18873 | Lair:3   | Identified the +5 scale mail "Qawkirr" {Regen+} (Okawaru
                  | gifted it to you on level 3 of the Lair of Beasts)
 18873 | Lair:3   | Received a gift from Okawaru
 18878 | Lair:3   | Reached skill level 1 in Shields
 19375 | Lair:3   | Reached skill level 5 in Shields
 19560 | Lair:3   | Found a staircase to the Swamp.
 19787 | Lair:3   | Reached XP level 14. HP: 115/115 MP: 14/21
 20971 | Lair:4   | Found a runed translucent gate.
 20972 | Lair:4   | Found a runed translucent gate.
 20973 | Lair:4   | Found a runed translucent gate.
 20976 | Lair:4   | Noticed Bayhych's ghost (journeyman BaFi)
 21077 | Lair:4   | Received a gift from Okawaru
 21318 | Lair:4   | Reached skill level 10 in Shields
 22650 | Lair:5   | Entered Level 5 of the Lair of Beasts
 22750 | Lair:5   | Noticed a dire elephant
 22770 | Lair:5   | Killed a dire elephant
 22770 | Lair:5   | Identified the +7 tower shield of Kupa Kaj {Int+5} (Okawaru
                  | gifted it to you on level 5 of the Lair of Beasts)
 22770 | Lair:5   | Received a gift from Okawaru
 23090 | Lair:5   | Found a viscous altar of Jiyva.
 23091 | Lair:5   | Found a staircase to the Slime Pits.
 23203 | Lair:5   | Reached skill level 1 in Ranged Weapons
 23390 | Lair:5   | Reached skill level 2 in Ranged Weapons
 23752 | Lair:5   | Reached skill level 3 in Ranged Weapons
 23769 | Lair:5   | Reached skill level 4 in Ranged Weapons
 23769 | Lair:5   | Reached XP level 15. HP: 94/120 MP: 7/22
 24121 | Lair:5   | Reached skill level 5 in Ranged Weapons
 24210 | Lair:5   | Found a large runed translucent door.
 24210 | Lair:5   | Found a large runed translucent door.
 24782 | Orc:1    | Entered Level 1 of the Orcish Mines
 25073 | Orc:1    | Noticed an orc warlord
 25080 | Orc:1    | Reached skill level 6 in Ranged Weapons
 25196 | D:12     | Killed an orc warlord
 25604 | Orc:1    | Identified the +4 robe of the Barnacle {Rampage rF+++ Str-5
                  | Dex-5 Archmagi} (Okawaru gifted it to you on level 1 of the
                  | Orcish Mines)
 25604 | Orc:1    | Received a gift from Okawaru
 25605 | Orc:1    | Reached skill level 7 in Ranged Weapons
 25918 | Orc:1    | Reached skill level 8 in Ranged Weapons
 26338 | Orc:2    | Entered Level 2 of the Orcish Mines
 26410 | Orc:2    | Found a staircase to the Elven Halls.
 26599 | Orc:2    | Noticed Donald
 26613 | Orc:2    | Killed Donald
 26614 | Orc:2    | Reached skill level 9 in Ranged Weapons
 27112 | Orc:2    | Found Cyecuett's Book Shoppe.
 27120 | Orc:2    | Bought a book of Blasting for 416 gold pieces
 27125 | Orc:2    | Learned a level 4 spell: Iskenderun's Mystic Blast
 27410 | Orc:2    | Found Hoocsats's Jewellery Shoppe.
 27505 | Orc:2    | Noticed Azrael
 27516 | Orc:2    | Killed Azrael
 27783 | Orc:2    | Noticed an orc warlord
 27798 | Orc:2    | Identified the +1 scimitar "Ryrph" {venom, rN+ Will+}
                  | (Okawaru gifted it to you on level 2 of the Orcish Mines)
 27798 | Orc:2    | Received a gift from Okawaru
 27813 | Orc:2    | Killed an orc warlord
 27814 | Orc:2    | Reached skill level 10 in Ranged Weapons
 28034 | Orc:2    | Found Bikoeg's Antique Armour Shoppe.
 28036 | Orc:2    | Found Baal's Antique Weapon Emporium.
 28049 | Orc:2    | Bought a fine robe for 176 gold pieces
 28049 | Orc:2    | Identified the +0 robe of the Cartwright {rC+ Will+ Int-5}
                  | (You bought it in a shop on level 2 of the Orcish Mines)
 28049 | Orc:2    | Bought a pair of gloves for 139 gold pieces
 28394 | D:13     | Reached XP level 16. HP: 127/127 MP: 17/23
 28470 | D:13     | Reached skill level 11 in Ranged Weapons
 28632 | D:13     | Identified the +8 crystal plate armour "Haghafor" {rPois
                  | rF+ rN+ Dex+2} (Okawaru gifted it to you on level 13 of the
                  | Dungeon)
 28632 | D:13     | Received a gift from Okawaru
 29461 | D:13     | Reached skill level 12 in Ranged Weapons
 29497 | D:13     | Found a gate to the Vaults.
 30793 | D:15     | Entered Level 15 of the Dungeon
 31006 | D:15     | Reached skill level 13 in Ranged Weapons
 31122 | D:15     | Identified the +0 trident of the Warrior-Mage {flame, rPois
                  | Stlth+}
 31337 | D:15     | Received a gift from Okawaru
 31337 | D:15     | Found the +5 robe of Misfortune {Harm *Corrode *Slow EV+5}
 31408 | D:15     | Found a staircase to the Depths.
 31845 | Elf:1    | Entered Level 1 of the Elven Halls
 31861 | Elf:1    | Reached skill level 14 in Ranged Weapons
 31867 | Elf:1    | Paralysed by an air elemental for 1 turns
 31868 | Elf:1    | Reached XP level 17. HP: 101/133 MP: 18/24
 32089 | Elf:1    | Learned a level 5 spell: Lee's Rapid Deconstruction
 32374 | Elf:1    | Got the Lessons on Malignant Rituals
 33503 | Elf:2    | Paralysed by an air elemental for 1 turns
 33683 | Elf:2    | Identified the +3 hand crossbow "Ogreslayer" {flame, rC+}
                  | (Okawaru gifted it to you on level 2 of the Elven Halls)
 33683 | Elf:2    | Received a gift from Okawaru
 33817 | Elf:2    | Noticed Nikola
 33837 | Elf:2    | Killed Nikola
 34181 | Elf:2    | Found Mugruum's Antique Armour Shop.
 34238 | Elf:2    | Identified the +4 scale mail of the Invisible Hand {rF+
                  | Regen+} (Okawaru gifted it to you on level 2 of the Elven
                  | Halls)
 34238 | Elf:2    | Received a gift from Okawaru
 34462 | Elf:2    | Found a runed translucent gate.
 34462 | Elf:2    | Found a runed translucent gate.
 34471 | Elf:2    | Found a runed translucent gate.
 34698 | Elf:2    | Reached skill level 15 in Ranged Weapons
 35008 | Elf:2    | Annihilated by a +1 executioner's axe of pain

Illustrated notes

Levels and vault maps discovered:
D:1:      minmay_arrival_wavy_path, layout_basic
D:2:      layout_basic, chequers_ecumenical_altar_island, basic_altar,
          roderic_roman_lattice
D:3:      layout_loops_ring, nicolae_ru_sacrificial_ziggurat
D:4:      minmay_diamond_boxcup, layout_loops_ring, kennysheep_little_box,
          mainiacjoe_overflow_concentric_impassable,
          mainiacjoe_overflow_catch_the_wave, minivault_25, uniq_blork_the_orc
D:5:      layout_loops_ring, mainiacjoe_overflow_paths, serial_shops, shop,
          uniq_grinder
D:6:      hellmonk_destroyed_diamonds, layout_rooms, tgw_xom,
          gammafunk_temple_overflow_pools, cheibrodos_sewer_entry_bend,
          lightli_ossuary_entry_decrepit_ruins
D:7:      gammafunk_the_bubble [the_bubble_gammafunk_split], layout_rooms,
          temple_hall, minivault_11
D:8:      layout_basic, serial_shops, nicolae_shop_bloodbath_and_beyond, shop
D:9:      layout_cave_pools, serial_shops, nicolae_shop_statue_plus,
          gammafunk_ghost_nasty_kobolds, serial_park, serial_park_square2,
          serial_park_square1 [serial_park_minivault_5x5_8],
          serial_park_fountain, serial_park_tiny_2, uniq_erica
D:10:     layout_big_octagon, nicolae_uskayaw_en_pointe, uniq_harold
D:11:     layout_stronghold, uniq_gastronok, uniq_lodul
D:12:     layout_loops_cross, orc_0_dummy, uniq_josephine
D:13:     minmay_the_grid_square_5x5_4x4_mashed
          [minmay_the_grid_square_5x5_minimal, minmay_the_grid_square_5x5_two,
          minmay_the_grid_square_5x5_six,
          minmay_the_grid_square_5x5_fancy_junction,
          minmay_the_grid_square_5x5_checkered,
          minmay_the_grid_square_5x5_prize_waves,
          minmay_the_grid_square_5x5_prize_deathbox,
          minmay_the_grid_square_5x5_comb,
          minmay_the_grid_square_5x5_pentomino_r,
          minmay_the_grid_square_5x5_prize_itemx,
          minmay_the_grid_square_5x5_prize_snowflake,
          minmay_the_grid_square_5x5_mess,
          minmay_the_grid_square_5x5_sharp_hourglass,
          minmay_the_grid_square_5x5_v, minmay_the_grid_square_5x5_eight,
          minmay_the_grid_square_5x5_three_small], layout_long_grid,
          grunt_vaults_entry_fortified, chequers_hall_statues_wall_a,
          chequers_serial_rivers_micro_b
D:14:     layout_irregular_city, kennysheep_boxes
D:15:     hangedman_depths_entry_civil_slaughter, layout_loops_cross,
          grunt_decor_one_mirror
Lair:1:   layout_roguey, gauntlet_entry_generic, uniq_maggie
Lair:2:   layout_roguey, hellmonk_spider_entry_not_the_bees,
          gammafunk_ghost_arena, serial_bayou_shore_b
Lair:3:   onia_ninara_swampy_vault, layout_regular_city,
          minmay_swamp_entry_wisps, grunt_megastairs_1
Lair:4:   layout_hall_layers, gammafunk_ghost_hydra_chop, nicolae_lair_lindhole,
          grunt_megastairs_5
Lair:5:   cheibrodos_lair_end_hotspot, layout_misc_corridors,
          minmay_slime_entry_pillars, nicolae_lair_grazing_beasts
          [nicolae_sub_lair_graze_edge, nicolae_sub_lair_graze_edge,
          nicolae_sub_lair_graze_edge, nicolae_sub_lair_graze_edge]
Orc:1:    lemuel_ogre_cave, layout_diamond_mine
Orc:2:    grunt_orc_community_town_hall, layout_diamond_mine,
          grunt_orc_community_big_house_1, grunt_orc_community_big_house_2,
          grunt_orc_community_house_1, grunt_orc_community_house_2,
          grunt_orc_community_house_1, grunt_orc_community_house_1,
          guppyfry_library_mini, uniq_donald, uniq_azrael
Elf:1:    eino_elf_arrival_the_gate, layout_loops_corners, minmay_elf_necromancy
Elf:2:    nicolae_elf_blades_splatter_lattice [nicolae_blade_entry_pointy_end],
          layout_rooms, serial_shops, nicolae_shop_overgrown_old_shop,
          lemuel_upstairs_altar, uniq_nikola

Skill      XL: |  1  2  3  4  5  6  7  8  9 10 11 12 13 14 15 16 17 |
---------------+----------------------------------------------------+-----
Ice Magic      | 5 6 7 9 11 12 13 | 13.0
Spellcasting   | 3 4 5 |  5.0
Fighting       | 8 12 14 | 14.6
Long Blades    | 3 11 14 | 14.0
Invocations    | 2 5 7 |  7.0
Dodging        | 7 12 | 12.0
Shields        | 6 12 | 12.0
Ranged Weapons | 4 10 14 15 | 15.5
Stealth        | |  2.1

Action                   |  1- 3 |  4- 6 |  7- 9 | 10-12 | 13-15 | 16-18 || total
-------------------------+-------+-------+-------+-------+-------+-------++-------
Melee: Short sword       |    15 |    15 |       |       |       |       ||    30
       Tailslap          |       |     1 |       |       |     7 |     4 ||    12
       Dagger            |       |     3 |    94 |   134 |       |       ||   231
       Demon blade       |       |       |       |   108 |   435 |   419 ||   962
       Scimitar          |       |       |       |     6 |     7 |       ||    13
 Fire: Sling             |       |    49 |   140 |   142 |   644 |   405 ||  1380
 Cast: Freeze            |    36 |    17 |       |       |       |       ||    53
       Frozen Ramparts   |     6 |    13 |    46 |    55 |   148 |    96 ||   364
       Ozocubu's Armour  |       |     5 |    42 |    43 |   118 |    51 ||   259
Invok: Heroism           |       |       |       |     9 |     3 |     3 ||    15
       Finesse           |       |       |       |     2 |     1 |     2 ||     5
Evoke: Wand              |       |       |       |     8 |     1 |       ||     9
       Tin of tremorston |       |       |       |       |       |     5 ||     5
       Condenser vane    |       |       |       |       |       |     1 ||     1
  Use: Scroll            |     6 |     2 |    10 |     9 |    12 |     5 ||    44
       Potion            |       |       |       |     5 |     3 |     2 ||    10
 Stab: Sleeping          |     3 |     1 |       |       |     1 |       ||     5
       Confused          |       |       |       |       |       |     1 ||     1
Armor: Robe              |     6 |     6 |    16 |    50 |   123 |    65 ||   266
       Leather armour    |       |       |    27 |       |       |       ||    27
Dodge: Dodged            |    33 |    40 |    98 |   156 |   183 |    92 ||   602
Block: Buckler           |     4 |    11 |    68 |    79 |       |       ||   162
       Reflection        |       |       |     7 |     6 |    32 |    69 ||   114
       Tower shield      |       |       |       |    38 |   599 |   528 ||  1165
